 Dungeon Crawl Stone Soup version 0.19.1 (webtiles) character file.

308 truemonolith the Conjurer (level 6, -2/32 HPs)
             Began as a Deep Elf Conjurer on Nov 30, 2016.
             Slain by an orc
             ... wielding a +0 hand axe
              (3 damage)
             ... on level 4 of the Dungeon.
             The game lasted 00:08:43 (5000 turns).

truemonolith the Conjurer (Deep Elf Conjurer)       Turns: 5000, Time: 00:08:43

Health: -2/32      AC:  4    Str:  5    XL:     6   Next: 17%
Magic:  10/17      EV: 13    Int: 22    God:
Gold:   192        SH:  0    Dex: 15    Spells: 2 memorised, 13 levels left

rFire  . . .     SeeInvis .     h - +2 dagger (protect)
rCold  . . .     Gourm    .     a - +1 robe
rNeg   . . .     Faith    .     (no shield)
rPois  .         Spirit   .     (no helmet)
rElec  .         Reflect  .     y - +0 cloak
rCorr  .         Harm     .     (no gloves)
MR     .....                    (no boots)
Stlth  ++........               (no amulet)
                                (no ring)
                                (no ring)

@: no status effects
A: no striking features
a: no special abilities


You were on level 4 of the Dungeon.
You were not hungry.

You visited 1 branch of the dungeon, and saw 4 of its levels.

You collected 192 gold pieces.

Inventory:

Hand Weapons
 h - a +2 dagger of protection (weapon)
Armour
 a - a +1 robe (worn)
 y - a +0 cloak (worn)
Jewellery
 f - a cursed amulet of inaccuracy
 p - an uncursed ring of stealth
 t - an uncursed amulet of faith
Wands
 o - a wand of polymorph (22/24)
Scrolls
 e - a scroll of enchant armour
 g - 4 scrolls of remove curse
 m - a scroll of fog
 n - a scroll of fear
 r - a scroll of magic mapping {unknown}
Potions
 d - a potion of curing
 i - a potion of heal wounds {unknown}
 j - a potion of flight {unknown}
 k - a potion of might {unknown}
 l - a potion of degeneration {unknown}
 q - a potion of beneficial mutation {unknown}
 u - a potion of berserk rage {unknown}
 v - a potion of invisibility {unknown}
 z - a potion of brilliance {unknown}
 A - a potion of agility {unknown}
Books
 b - a book of Conjurations

   Spells                             Type                      Level
   a - Magic Dart                     Conjuration                  1
   b - Searing Ray                    Conjuration                  2
   c - Dazzling Spray                 Conjuration/Hexes            3
   d - Fulminant Prism                Conjuration/Hexes            4
   e - Iskenderun's Mystic Blast      Conjuration                  4
   f - Iskenderun's Battlesphere      Conjuration/Charms           5
Comestibles
 c - 3 bread rations
 x - 3 fruits
 B - a meat ration


   Skills:
 - Level 2.4 Dodging
 - Level 2.4 Stealth
 - Level 6.1 Spellcasting
 - Level 6.5 Conjurations
 + Level 2.0 Hexes


You had 13 spell levels left.
You knew the following spells:

 Your Spells              Type           Power        Failure   Level  Hunger
a - Magic Dart            Conj           ####         1%          1    None
b - Dazzling Spray        Conj/Hex       ####..       6%          3    #......


Dungeon Overview and Level Annotations

Branches:
Dungeon (4/15)
 Temple: D:4-7

Altars:

Annotations:
D:4 Pikel


Message History

The magic dart hits the orc.
The orc is almost dead.
The orc hits you but does no damage.
Casting: Magic Dart
Confirm with . or Enter, or press ? or * to list all spells.
Aiming: Magic Dart
Press: ? - help, Shift-Dir - straight line, f/p - orc
Aim: an orc, wielding a hand axe and wearing a scale mail (almost dead)
The magic dart hits the orc.
The orc is almost dead.
The orc misses you. The orc closely misses you.
Casting: Magic Dart
Confirm with . or Enter, or press ? or * to list all spells.
Aiming: Magic Dart
Press: ? - help, Shift-Dir - straight line, f/p - orc
Aim: an orc, wielding a hand axe and wearing a scale mail (severely wounded)
The magic dart hits the orc.
The orc is severely wounded.
The orc hits you with a hand axe.
You die...

#.##.##.# ##...##.##..###.#.#
#.......# #.......##..# #.#.#
####.#### ##...#####..###.#.##
#.# ##................. #.#
#.##########..###. #.# #.#
#..###. #.# ##)## #....#. #.####
##oo.## #..#.#. ##....###..@..##
##.##.#. ##.###.##†......##
##..##.#.
#####...##.#.........####........
...........+.........'.......#.##
#####...##.#.........####...##.#
##..†...........## ##.###.#
#.###.##......## ### #.# #.#
#.##.#...## ####.# #.###.##.##+##
#....#


You could see 2 orcs.

Vanquished Creatures
  A hound (D:4)
  An orc priest (D:4)
  Crazy Yiuf (D:3)
  4 worker ants (D:4)
  3 adders
  An ooze (D:3)
  4 worms
  4 dart slugs
  8 orcs (D:4)
  2 ball pythons
  5 giant cockroaches
  6 goblins
  4 hobgoblins
  8 jackals (D:3)
  2 kobolds
  2 quokkas
  6 bats
  5 frilled lizards
  5 rats
72 creatures vanquished.

Notes
Turn   | Place    | Note
-------+----------+-------------------------------------------
     0 | D:1      | truemonolith the Deep Elf Conjurer began the quest for the Orb.
     0 | D:1      | Reached XP level 1. HP: 10/10 MP: 6/6
   360 | D:1      | Reached XP level 2. HP: 15/15 MP: 7/9
  1221 | D:2      | Reached skill level 5 in Spellcasting
  1221 | D:2      | Reached XP level 3. HP: 19/19 MP: 4/11
  1879 | D:3      | Learned a level 3 spell: Dazzling Spray
  2000 | D:3      | Reached XP level 4. HP: 21/24 MP: 4/14
  2045 | D:3      | Found a runed door.
  2880 | D:3      | Noticed Crazy Yiuf
  2888 | D:3      | Killed Crazy Yiuf
  2888 | D:3      | Reached skill level 5 in Conjurations
  3175 | D:4      | Reached XP level 5. HP: 28/28 MP: 7/15
  4551 | D:4      | Noticed Pikel
  4551 | D:4      | Noticed a slave
  4551 | D:4      | Noticed a slave
  4551 | D:4      | Noticed a slave
  4577 | D:4      | Noticed a slave
  4741 | D:4      | Reached XP level 6. HP: 24/32 MP: 11/17
  4886 | D:4      | Reached skill level 1 in Hexes
  4997 | D:4      | HP: 1/32 [orc/hand axe (6)]
  5000 | D:4      | Slain by an orc

Skill      XL: |  1  2  3  4  5  6 |
---------------+-------------------+-----
Spellcasting   | 4 5 6 |  6.1
Conjurations   | 5 6 |  6.5
Hexes          | 2 |  2.0
Dodging        | |  2.4
Stealth        | |  2.4

Action                   |  1- 3 |  4- 6 || total
-------------------------+-------+-------++-------
Melee: Dagger            |     2 |       ||     2
 Cast: Magic Dart        |    89 |   119 ||   208
       Dazzling Spray    |     1 |     8 ||     9
Evoke: Wand              |       |     1 ||     1
  Use: Scroll            |     3 |     7 ||    10
       Potion            |       |     1 ||     1
  Eat: Bread ration      |     1 |     1 ||     2
       Chunk             |       |     6 ||     6
Armor: Robe              |     4 |    11 ||    15
Dodge: Dodged            |    23 |    44 ||    67
